TOP OF THE 1ST |
Springfield Cardinals batting - Pitching for San Antonio Missions : RHP Andy Dunmire
|
Pitching: RHP Andy Dunmire
|
|
Batting: RHB John Parra
|
0-0: Foul Ball, location: 2F 0-1: Foul Ball, location: 2F 0-2: Ball 1-2: Ground out 5-3 (Groundball, 56S, EV 76.9 MPH)
|
Batting: RHB Danny Gallo
|
0-0: Fly out, F7 (Flyball, 78S, EV 90.6 MPH)
|
Batting: LHB Tim Olsen
|
0-0: Called Strike 0-1: Ball 1-1: Foul Ball, location: 2F 1-2: Ball 2-2: Ball 3-2: Strikes out swinging
|
Top of the 1st over - 0 runs, 0 hits, 0 errors, 0 left on base; Springfield 0 - San Antonio 0 |
BOTTOM OF THE 1ST |
San Antonio Missions batting - Pitching for Springfield Cardinals : RHP Jorge Aguilar
|
Pitching: RHP Jorge Aguilar
|
|
Batting: RHB Luwen Storm
|
0-0: Called Strike 0-1: Ball 1-1: Ball 2-1: Foul Ball, location: 2F 2-2: Foul Ball, location: 2F 2-2: Strikes out swinging
|
Batting: LHB Ben Antal
|
0-0: Called Strike 0-1: Foul Ball, location: 2F 0-2: Ball 1-2: Fly out, F8 (Flyball, 8RD, EV 95.6 MPH)
|
Batting: RHB John Shaffer
|
0-0: Ball 1-0: Foul Ball, location: 2F 1-1: Called Strike 1-2: Strikes out swinging
|
Bottom of the 1st over - 0 runs, 0 hits, 0 errors, 0 left on base; Springfield 0 - San Antonio 0 |
TOP OF THE 2ND |
Springfield Cardinals batting - Pitching for San Antonio Missions : RHP Andy Dunmire
|
Batting: LHB Shigeru Ono
|
0-0: Foul Ball, location: 2F 0-1: Ball 1-1: Called Strike 1-2: Ball 2-2: Ground out 6-3 (Groundball, 6M, EV 85.6 MPH)
|
Batting: RHB Travis Leonard
|
0-0: Ball 1-0: Swinging Strike 1-1: Ball 2-1: Foul Ball, location: 2F 2-2: Ball 3-2: Base on Balls
|
Batting: RHB Mark Marks
|
0-0: Ball 1-0: Called Strike 1-1: Ball 2-1: Grounds into double play, 6-4-3 (Groundball, 6, EV 104.4 MPH)
|
Top of the 2nd over - 0 runs, 0 hits, 0 errors, 0 left on base; Springfield 0 - San Antonio 0 |
BOTTOM OF THE 2ND |
San Antonio Missions batting - Pitching for Springfield Cardinals : RHP Jorge Aguilar
|
Batting: LHB Reinaldo Fidi
|
0-0: Foul Ball, location: 2F 0-1: Ground out U3 (Groundball, 3, EV 91.2 MPH)
|
Batting: LHB Javy Portela
|
0-0: Ball 1-0: Ball 2-0: Called Strike 2-1: Ball 3-1: Swinging Strike 3-2: Base on Balls
|
Batting: SHB Curtis Thompson
|
0-0: Called Strike Javy Portela steals 2nd base 0-1: Ball 1-1: Foul Ball, location: 2F 1-2: Ball 2-2: Ground out 4-3 (Groundball, 4, EV 84.4 MPH) Javy Portela to third
|
Batting: RHB Scott Schwartz
|
0-0: Called Strike 0-1: Foul Ball, location: 2F 0-2: SINGLE (Groundball, 34D, EV 98.8 MPH) Javy Portela scores
|
Batting: RHB Joe Weissman
|
0-0: Called Strike Scott Schwartz steals 2nd base 0-1: Ball 1-1: Ball 2-1: SINGLE (Flyball, 4D, EV 86.9 MPH) Scott Schwartz to third Runner from 3rd tries for Home, SAFE, throw by CF to home
|
Batting: LHB Bobby Adams
|
0-0: Called Strike 0-1: Called Strike 0-2: Ball 1-2: Ball 2-2: Ground out 2-3 (Groundball, 15S, EV 71.2 MPH)
|
Bottom of the 2nd over - 2 runs, 2 hits, 0 errors, 1 left on base; Springfield 0 - San Antonio 2 |
TOP OF THE 3RD |
Springfield Cardinals batting - Pitching for San Antonio Missions : RHP Andy Dunmire
|
Batting: RHB Justin Reich
|
0-0: Ball 1-0: SINGLE (Groundball, 6, EV 98.8 MPH)
|
Batting: LHB Yeong-hun Joe
|
0-0: Ball 1-0: Ball 2-0: Ball 3-0: Base on Balls Justin Reich to second
|
Batting: SHB Josh Conner
|
0-0: Fly out, F6 (Popup, 6, EV 59.4 MPH)
|
Batting: RHB John Parra
|
0-0: Ball 1-0: Called Strike 1-1: Ball 2-1: Called Strike 2-2: Ball 3-2: Foul Ball, location: 2F 3-2: Foul Ball, location: 2F 3-2: Base on Balls Justin Reich to third Yeong-hun Joe to second
|
Batting: RHB Danny Gallo
|
0-0: Ball 1-0: Ball 2-0: SINGLE (Groundball, 56S, EV 100.0 MPH) Justin Reich scores Yeong-hun Joe to third John Parra to second
|
Batting: LHB Tim Olsen
|
0-0: Called Strike 0-1: Ball 1-1: Foul Ball, location: 2F 1-2: Ball 2-2: Strikes out swinging
|
Batting: LHB Shigeru Ono
|
0-0: Fly out, F3 (Popup, 3SF, EV 71.2 MPH)
|
Top of the 3rd over - 1 run, 2 hits, 0 errors, 3 left on base; Springfield 1 - San Antonio 2 |
BOTTOM OF THE 3RD |
San Antonio Missions batting - Pitching for Springfield Cardinals : RHP Jorge Aguilar
|
Batting: RHB Luwen Storm
|
0-0: Fly out, F3 (Line Drive, 3, EV 68.8 MPH)
|
Batting: LHB Ben Antal
|
0-0: Called Strike 0-1: Ball 1-1: Ball 2-1: Reached on error, E3 (Groundball, 3, EV 105.0 MPH)
|
Batting: RHB John Shaffer
|
0-0: Foul Ball, location: 2F 0-1: Ball 1-1: Ball 2-1: Swinging Strike 2-2: Strikes out swinging
|
Batting: LHB Reinaldo Fidi
|
0-0: Called Strike 0-1: Ball 1-1: Fly out, F8 (Flyball, 8RXD, EV 95.0 MPH)
|
Bottom of the 3rd over - 0 runs, 0 hits, 1 error, 1 left on base; Springfield 1 - San Antonio 2 |
TOP OF THE 4TH |
Springfield Cardinals batting - Pitching for San Antonio Missions : RHP Andy Dunmire
|
Batting: RHB Travis Leonard
|
0-0: Ball 1-0: Swinging Strike 1-1: Ball 2-1: Ball 3-1: Reached on error, E5 (Groundball, 56S, EV 66.2 MPH)
|
Batting: RHB Mark Marks
|
0-0: Ball 1-0: Ball 2-0: Fielders Choice at 2nd, 5-4 (Groundball, 56S, EV 93.8 MPH)
|
Batting: RHB Justin Reich
|
0-0: Ball 1-0: Ball 2-0: SINGLE (Line Drive, 9S, EV 91.9 MPH) Mark Marks to second Runner from 2nd tries for 3rd, SAFE, throw by RF made to third
|
Batting: LHB Yeong-hun Joe
|
0-0: Ball 1-0: Fly out, F4 (Line Drive, 4, EV 68.1 MPH)
|
Batting: SHB Josh Conner
|
0-0: Called Strike 0-1: Ball 1-1: SINGLE (Groundball, 34D, EV 105.0 MPH) Mark Marks scores Justin Reich to second Runner from 2nd tries for 3rd, SAFE, throw by RF made to third
|
Batting: RHB John Parra
|
0-0: Ball 1-0: DOUBLE (Line Drive, 7LS, EV 96.2 MPH) Justin Reich scores Josh Conner to third Runner from 3rd tries for Home, SAFE, throw by LF to home
|
Batting: RHB Danny Gallo
|
0-0: Called Strike 0-1: Ball 1-1: Swinging Strike 1-2: Ball 2-2: Ball 3-2: Ground out 6-3 (Groundball, 56, EV 83.8 MPH)
|
Top of the 4th over - 3 runs, 3 hits, 1 error, 1 left on base; Springfield 4 - San Antonio 2 |
BOTTOM OF THE 4TH |
San Antonio Missions batting - Pitching for Springfield Cardinals : RHP Jorge Aguilar
|
Batting: LHB Javy Portela
|
0-0: Ball 1-0: Fly out, F7 (Flyball, 78D, EV 99.4 MPH)
|
Batting: SHB Curtis Thompson
|
0-0: Fly out, F4 (Popup, 13S, EV 90.6 MPH)
|
Batting: RHB Scott Schwartz
|
0-0: Foul Ball, location: 2F 0-1: Foul Ball, location: 2F 0-2: Ball 1-2: Ground out 6-3 (Groundball, 56, EV 108.1 MPH)
|
Bottom of the 4th over - 0 runs, 0 hits, 0 errors, 0 left on base; Springfield 4 - San Antonio 2 |
TOP OF THE 5TH |
Springfield Cardinals batting - Pitching for San Antonio Missions : RHP Andy Dunmire
|
Batting: LHB Tim Olsen
|
0-0: Ball 1-0: Ball 2-0: Foul Ball, location: 2F 2-1: Ground out 3-1 (Groundball, 34S, EV 83.8 MPH)
|
Batting: LHB Shigeru Ono
|
0-0: Ball 1-0: Ground out 6-3 (Groundball, 6, EV 100.6 MPH)
|
Batting: RHB Travis Leonard
|
0-0: Ball 1-0: Ground out 6-3 (Groundball, 6M, EV 108.1 MPH)
|
Top of the 5th over - 0 runs, 0 hits, 0 errors, 0 left on base; Springfield 4 - San Antonio 2 |
BOTTOM OF THE 5TH |
San Antonio Missions batting - Pitching for Springfield Cardinals : RHP Jorge Aguilar
|
Batting: RHB Joe Weissman
|
0-0: Ball 1-0: Swinging Strike 1-1: Ball 2-1: Foul Ball, location: 2F 2-2: Ball 3-2: Ground out 5-3 (Groundball, 56, EV 101.2 MPH)
|
Batting: LHB Bobby Adams
|
0-0: Ball 1-0: Fly out, F9 (Line Drive, 9D, EV 93.8 MPH)
|
Batting: RHB Luwen Storm
|
0-0: Ball 1-0: Ball 2-0: Ball 3-0: Called Strike 3-1: Called Strike 3-2: Ground out 6-3 (Groundball, 6, EV 84.4 MPH)
|
Bottom of the 5th over - 0 runs, 0 hits, 0 errors, 0 left on base; Springfield 4 - San Antonio 2 |
TOP OF THE 6TH |
Springfield Cardinals batting - Pitching for San Antonio Missions : RHP Andy Dunmire
|
Batting: RHB Mark Marks
|
0-0: Called Strike 0-1: Ball 1-1: Called Strike 1-2: Reached on error, E4 (Groundball, 4, EV 87.5 MPH)
|
Batting: RHB Justin Reich
|
0-0: Foul Ball, location: 2F 0-1: Ball 1-1: Ball 2-1: Grounds into double play, 5-4-3 (Groundball, 56, EV 96.9 MPH)
|
Batting: LHB Yeong-hun Joe
|
0-0: Fly out, F8 (Flyball, 8RM, EV 81.2 MPH)
|
Top of the 6th over - 0 runs, 0 hits, 1 error, 0 left on base; Springfield 4 - San Antonio 2 |
BOTTOM OF THE 6TH |
San Antonio Missions batting - Pitching for Springfield Cardinals : RHP Jorge Aguilar
|
Batting: LHB Ben Antal
|
0-0: Swinging Strike 0-1: Swinging Strike 0-2: Ball 1-2: Foul Ball, location: 2F 1-2: Ball 2-2: Fly out, F7 (Flyball, 7LS, EV 85.6 MPH)
|
Batting: RHB John Shaffer
|
0-0: Ball 1-0: Swinging Strike 1-1: Ball 2-1: Ball 3-1: SINGLE (Groundball, 6D, EV 98.1 MPH)
|
Batting: LHB Reinaldo Fidi
|
0-0: Called Strike 0-1: Called Strike 0-2: Strikes out swinging
|
Batting: LHB Javy Portela
|
0-0: Ball 1-0: Called Strike 1-1: DOUBLE (Line Drive, 78M, EV 90.6 MPH) John Shaffer to third
|
Batting: SHB Curtis Thompson
|
0-0: Ball 1-0: Foul Ball, location: 2F 1-1: Ball 2-1: Foul Ball, location: 2F 2-2: Ball 3-2: Foul Ball, location: 2F 3-2: Fly out, F7 (Flyball, 78S, EV 84.4 MPH)
|
Bottom of the 6th over - 0 runs, 2 hits, 0 errors, 2 left on base; Springfield 4 - San Antonio 2 |
TOP OF THE 7TH |
Springfield Cardinals batting - Pitching for San Antonio Missions : RHP Andy Dunmire
|
Batting: SHB Josh Conner
|
0-0: Called Strike 0-1: Called Strike 0-2: Ball 1-2: Ball 2-2: Ball 3-2: Foul Ball, location: 2F 3-2: Base on Balls
|
Pitching: RHP Travis White
|
|
Batting: RHB John Parra
|
0-0: Ball Josh Conner steals 2nd base 1-0: Ball 2-0: Ball 3-0: Called Strike 3-1: Called Strike 3-2: Foul Ball, location: 2F 3-2: Foul Ball, location: 2F 3-2: Base on Balls
|
Batting: RHB Danny Gallo
|
0-0: Sac Bunt to 23 - play at first, batter OUT! 3-4 Josh Conner to third John Parra to second
|
Batting: LHB Tim Olsen
|
0-0: Called Strike 0-1: Fly out, F7 (Flyball, 78S, EV 95.0 MPH)
|
Batting: LHB Shigeru Ono
|
0-0: Ground out 5-3 (Groundball, 5, EV 90.0 MPH)
|
Top of the 7th over - 0 runs, 0 hits, 0 errors, 2 left on base; Springfield 4 - San Antonio 2 |
BOTTOM OF THE 7TH |
San Antonio Missions batting - Pitching for Springfield Cardinals : RHP Jorge Aguilar
|
Pitching: RHP Brian Sanderson
|
|
Batting: RHB Scott Schwartz
|
0-0: Called Strike 0-1: Ball 1-1: SINGLE (Groundball, 6MD, EV 101.9 MPH)
|
Batting: RHB Joe Weissman
|
0-0: Called Strike 0-1: Sac Bunt to 2L - play at second, runner OUT! 2-6
|
Batting: LHB Bobby Adams
|
0-0: Ball 1-0: Called Strike 1-1: Ball 2-1: Swinging Strike 2-2: Foul Ball, location: 2F 2-2: Ball 3-2: Fielders Choice at 2nd, 1-6 (Groundball, 13S, EV 63.8 MPH)
|
Batting: RHB Luwen Storm
|
0-0: Foul Ball, location: 2F 0-1: Ball 1-1: Swinging Strike 1-2: Ball 2-2: Strikes out looking
|
Bottom of the 7th over - 0 runs, 1 hit, 0 errors, 1 left on base; Springfield 4 - San Antonio 2 |
TOP OF THE 8TH |
Springfield Cardinals batting - Pitching for San Antonio Missions : RHP Travis White
|
Batting: RHB Travis Leonard
|
0-0: Ball 1-0: Ball 2-0: Ball 3-0: Called Strike 3-1: Foul Ball, location: 2F 3-2: SINGLE (Flyball, 89S, EV 91.9 MPH)
|
Batting: RHB Mark Marks
|
0-0: Bunt missed! 0-1: Sac Bunt to 15 - play at first, batter OUT! 1-4 Travis Leonard to second
|
Batting: RHB Justin Reich
|
0-0: Called Strike 0-1: Ground out 4-3 (Groundball, 4M, EV 80.6 MPH) Travis Leonard to third
|
Batting: LHB Yeong-hun Joe
|
0-0: Ball 1-0: Ground out 4-3 (Groundball, 4, EV 106.2 MPH)
|
Top of the 8th over - 0 runs, 1 hit, 0 errors, 1 left on base; Springfield 4 - San Antonio 2 |
BOTTOM OF THE 8TH |
San Antonio Missions batting - Pitching for Springfield Cardinals : RHP Brian Sanderson
|
Pitching: LHP Sid DeSensi
|
|
Batting: LHB Ben Antal
|
0-0: Swinging Strike 0-1: Foul Ball, location: 2F 0-2: Foul Ball, location: 2F 0-2: Strikes out swinging
|
Pitching: RHP Jason Inman
|
|
Batting: RHB John Shaffer
|
0-0: Ball 1-0: Foul Ball, location: 2F 1-1: Ball 2-1: Ground out 4-3 (Groundball, 4, EV 86.9 MPH)
|
Batting: LHB Reinaldo Fidi
|
0-0: Called Strike 0-1: Ball 1-1: Foul Ball, location: 2F 1-2: Fly out, F4 (Flyball, 4D, EV 90.0 MPH)
|
Bottom of the 8th over - 0 runs, 0 hits, 0 errors, 0 left on base; Springfield 4 - San Antonio 2 |
TOP OF THE 9TH |
Springfield Cardinals batting - Pitching for San Antonio Missions : RHP Travis White
|
Pitching: RHP Eric Dighton
|
|
Batting: SHB Josh Conner
|
0-0: Ball 1-0: Ball 2-0: Ball 3-0: Called Strike 3-1: Base on Balls
|
Batting: RHB John Parra
|
0-0: Bunt missed! 0-1: Sac Bunt to 3S - play at first, batter OUT! 3-4 Josh Conner to second
|
Batting: RHB Danny Gallo
|
0-0: Ball 1-0: Foul Ball, location: 2F 1-1: Ball 2-1: SINGLE (Line Drive, 89M, EV 86.2 MPH) Josh Conner to third
|
Batting: LHB Tim Olsen
|
0-0: Ball 1-0: Ball 2-0: Called Strike 2-1: Ball 3-1: 3-RUN HOME RUN (Flyball, 89XD, EV 101.9 MPH), Distance : 397 ft
|
Pitching: RHP John Stepanian
|
|
Batting: LHB Shigeru Ono
|
0-0: Ball 1-0: Foul Ball, location: 2F 1-1: Ball 2-1: Foul Ball, location: 2F 2-2: Ground out 4-3 (Groundball, 4, EV 89.4 MPH)
|
Batting: RHB Travis Leonard
|
0-0: Ball 1-0: Ball 2-0: Called Strike 2-1: Foul Ball, location: 2F 2-2: Foul Ball, location: 2F 2-2: Strikes out swinging
|
Top of the 9th over - 3 runs, 2 hits, 0 errors, 0 left on base; Springfield 7 - San Antonio 2 |
BOTTOM OF THE 9TH |
San Antonio Missions batting - Pitching for Springfield Cardinals : RHP Jason Inman
|
Batting: LHB Javy Portela
|
0-0: Ball 1-0: Ground out U3 (Groundball, 3, EV 105.0 MPH)
|
Batting: SHB Curtis Thompson
|
0-0: Ball 1-0: Ball 2-0: Ball 3-0: Base on Balls
|
Batting: RHB Scott Schwartz
|
0-0: Ball 1-0: Foul Ball, location: 2F 1-1: Called Strike 1-2: Ball 2-2: Foul Ball, location: 2F 2-2: Foul Ball, location: 2F 2-2: Strikes out swinging
|
Batting: RHB Joe Weissman
|
0-0: Ball 1-0: Called Strike 1-1: Called Strike 1-2: Reached on error, E5 (Groundball, 56, EV 104.4 MPH) Curtis Thompson to second
|
Batting: LHB Bobby Adams
|
0-0: Ball 1-0: Called Strike 1-1: Fielders Choice at 2nd, 5-4 (Groundball, 5, EV 101.9 MPH)
|
Bottom of the 9th over - 0 runs, 0 hits, 1 error, 2 left on base; Springfield 7 - San Antonio 2 |
|